[Event "Sardinia World Festival-A 2024"]
[Site "Orosei"]
[Date "2024.04.27"]
[Round "1.29"]
[White "Agmanov, Zhandos"]
[Black "Morros Faura, Ricard"]
[Result "1-0"]
[ECO "B22"]
[WhiteElo "2458"]
[BlackElo "2177"]
[Annotator "TA"]
[PlyCount "107"]
[EventDate "2024.04.26"]
[EventType "swiss"]
[EventCountry "ITA"]
[SourceTitle "playchess.com"]
[Source "ChessBase"]
[SourceQuality "1"]
[TimeControl "40/5400+30:1800+30"]

1. e4 c5 2. Nf3 e6 3. c3 Nf6 4. e5 Nd5 5. d4 cxd4 6. cxd4 b6 7. Bc4 Bb7 8. O-O d6 {[%emt 0:05:26] B22: Sicilian: 2 c3.} 9. Bg5 Be7 10. Bxd5 Bxd5 11. Bxe7 Qxe7 12. Nc3 Bb7 13. Nb5 dxe5 14. Rc1 $146 ({Predecessor:} 14. dxe5 O-O 15. Qd6 Nc6 16. Rfc1 Rfd8 17. Qxe7 Nxe7 18. Rc7 Ba6 19. a4 Bxb5 20. axb5 {½-½ Kharchenko,B (2477)-Gogin,M (2296) Chigorin Memorial 25th 2017 (8)}) 14... Na6 15. Nxe5 O-O 16. a3 Rfd8 17. Qe2 Rd5 18. Rc3 f6 19. Nc6 Qd7 20. Rfc1 (20. Nbxa7 $14 Rg5 21. h4 Rxg2+ (21... Rxa7 $2 22. hxg5 Bxc6 23. Rfc1 $18) 22. Kxg2 Rxa7 23. Qf3) 20... Re8 ({Black should try} 20... e5 $11) 21. Nbxa7 (21. Ncxa7 $14 e5 22. Re1) 21... e5 $1 $11 22. Re3 Re6 $1 23. dxe5 Nc5 (23... Bxc6 $11 {remains equal.} 24. Qxa6 Bb7) 24. Nb4 (24. exf6 $1 $16 Rxe3 (24... Bxc6 $2 25. Rxe6 Qxe6 26. Qxe6+ Nxe6 27. Nxc6 $18) 25. fxe3 (25. f7+ Kxf7 26. fxe3 Bxc6 $14) 25... Bxc6 26. Nxc6 Qxc6 27. b4 gxf6 28. h3 (28. bxc5 Rxc5 29. Rf1 Rc3 $14)) 24... Rd2 $11 25. Qc4 (25. Qb5 $1 $11) 25... Rd4 (25... fxe5 $15 26. Nb5 Rxb2) 26. Qb5 $11 Rd1+ (26... fxe5 $11 {keeps the balance.} 27. Qxd7 Rxd7) 27. Rxd1 $1 $16 (27. Re1 $6 Rxc1 (27... Rxe1+ 28. Rxe1 Qd2 29. Qe2 $11) 28. Rxc1 Qd2 $11) 27... Qxd1+ 28. Qf1 Qd2 29. Re2 Qg5 30. f4 Qg4 31. h3 Qg3 32. Qf2 Qb3 (32... Qxf2+ $16 {was necessary.} 33. Kxf2 Ne4+ 34. Ke3 Ng3) 33. Qd4 (33. Nb5 $1 $18 {[%cal Rb5d4] Hoping for Nd4.} fxe5 34. fxe5 (34. Rxe5 Rg6 $18)) 33... Qa4 $16 34. f5 Re8 (34... Rxe5 $16 35. Rxe5 fxe5 36. Qxe5 (36. Qd8+ Kf7 $11) 36... h6) 35. Qc4+ $2 ({White should play} 35. exf6 $1 $18 {Threatens to win with b3.} Rxe2 36. Qc4+ Re6 37. fxe6 Qd1+ 38. Qf1 Qd4+ (38... Qxf1+ $2 39. Kxf1 gxf6 40. Nb5 $18) 39. Qf2 Nxe6 40. fxg7 (40. Qxd4 Nxd4 41. fxg7 h5 $14)) 35... Kh8 $2 (35... Kf8 $1 $11 {and Black stays safe.} 36. Qh4 (36. Nb5 Ba6 $17) 36... Qxa7 37. Qxh7 Rxe5 (37... fxe5 $2 38. f6 $18) 38. Qh8+ Kf7 39. Rxe5 fxe5) 36. Nb5 $2 (36. b3 $18 Qd7 (36... Qxa7 $2 37. Qf7 $18) 37. e6 Qd1+ 38. Kf2 (38. Kh2 Nxb3 39. Rf2 Nd4 $16)) 36... Qd1+ $2 (36... Ba6 $1 $11 37. exf6 (37. Qf7 Qd1+ 38. Kh2 Bxb5 $15) 37... Qd1+ (37... Qxb5 $2 38. Qf7 $18) (37... Bxb5 38. fxg7+ Kxg7 39. Qd4+ Kg8 40. Qd5+ Kf8 41. Qd6+ Kg8 42. Qd5+ Kf8 43. Re5 $16) 38. Kh2 Qxe2 39. Qxe2 Rxe2) 37. Kh2 $18 fxe5 38. Nc3 (38. Qf7 $18 Rg8 39. Rxe5) 38... Qd7 {[%emt 0:00:21] [#]} (38... Qd6 $16) 39. Qg4 (39. Qb5 $1 $18) 39... e4 $16 40. Qf4 Rf8 {[%emt 0:00:24] [#]} 41. Rd2 $1 Qf7 (41... Nd3 $16) 42. Rd6 $18 h6 43. Nbd5 (43. Rxb6 $6 Qxf5 44. Qxf5 Rxf5 $18) 43... Re8 $2 (43... Bxd5 {is a better chance.} 44. Nxd5 (44. Rxd5 Na4 $16) 44... Nb7) 44. Rxh6+ $18 (44. Nxb6 e3 45. Ne2 Ba6 $15) 44... gxh6 45. Qxh6+ Qh7 46. Qxh7+ (46. Qxb6 Qxf5 (46... Bxd5 $2 47. Nxd5 Nd7 48. Qf2 $19) 47. Qh6+ (47. Qxc5 $2 Qe5+ 48. Kg1 e3 $19) 47... Kg8 (47... Qh7 48. Qxh7+ Kxh7 49. Nf6+ Kh8 50. Nxe8 $18) 48. Nf6+ Kf7 49. Nxe8 Qe5+ (49... Kxe8 50. Qe3 $15) 50. Kg1 Kxe8 $17) 46... Kxh7 47. Nf6+ (47. Nxb6 $2 e3 48. Ne2 Ba6 $19) 47... Kh6 48. Nxe8 e3 49. Nf6 Na4 (49... Kg5 $142) 50. Ng4+ $18 (50. Nxa4 $2 e2 51. Ng4+ Kg5 52. Nxb6 (52. h4+ Kxg4 53. Nxb6 e1=Q) 52... e1=Q $19) 50... Kg5 51. Nxe3 (51. Nxa4 $2 {loses.} e2 (51... Kxf5 $2 {too greedy.} 52. Nxe3+ Kf4 53. Nd1 $18) 52. Nxb6 (52. h4+ {leads to mate.} Kxg4 53. Nxb6 e1=Q) 52... e1=Q $19) 51... Nxb2 52. g4 Nd3 53. Kg3 Nc5 54. Ned5 1-0

[Event "Sardinia World Festival-A 2024"]
[Site "Orosei"]
[Date "2024.04.27"]
[Round "1.30"]
[White "Akshit Kumar J"]
[Black "Bronstein, Or"]
[Result "1/2-1/2"]
[ECO "B92"]
[WhiteElo "2172"]
[BlackElo "2458"]
[Annotator "TA"]
[PlyCount "127"]
[EventDate "2024.04.26"]
[EventType "swiss"]
[EventCountry "ITA"]
[SourceTitle "playchess.com"]
[Source "ChessBase"]
[SourceQuality "1"]
[TimeControl "40/5400+30:1800+30"]

1. e4 c5 2. Nf3 d6 3. d4 cxd4 4. Nxd4 Nf6 5. Nc3 a6 6. Be2 e5 7. Nb3 Be7 8. Be3 Be6 9. O-O O-O 10. Re1 {[%emt 0:00:03] B92: Sicilian Najdorf: 6 Be2.} Nbd7 11. a4 Qc7 12. a5 Rfc8 13. Qd2 Qc6 14. Bf3 Ng4 $146 ({Predecessor:} 14... Bf8 15. h3 h6 16. Rec1 b5 17. axb6 Nxb6 18. Na5 Qc7 19. Nd5 Bxd5 20. exd5 e4 {1-0 Arjun,K (2513)-Vantika,A (2371) Dubai op 22nd 2022 (6)}) 15. Bxg4 Bxg4 16. Nd5 Bf8 17. c3 Be6 18. Nc1 f5 19. f3 Bxd5 20. exd5 Qc4 21. Qd3 Nf6 (21... Qxd3 $15 22. Nxd3 Nf6) 22. Rd1 f4 (22... Qxd3 {simplifies} 23. Rxd3 Rc7 24. Rd1 Rac8) 23. Bf2 Be7 24. Qxc4 Rxc4 25. Nb3 Rcc8 26. Ra4 Bd8 27. Rb4 Rc7 28. Bb6 Rd7 29. c4 Rc8 (29... Be7 $11 {remains equal.}) 30. Nd2 Kf7 31. Kf2 (31. Bxd8 $14 Rcxd8 32. g3) 31... Ke8 32. g3 fxg3+ 33. hxg3 Rf7 34. Ke2 h5 35. f4 ({Better is} 35. Kd3 $14) 35... exf4 $11 36. gxf4 Kd7 37. Nf3 Bxb6 38. Rxb6 Rxc4 39. Rxb7+ Ke8 40. Rb8+ Kd7 41. Kd3 Rc8 (41... Rxf4 42. Rb7+ Kd8 43. Rxf7 $18) 42. Rb7+ Ke8 43. Re1+ Kf8 44. Rxf7+ Kxf7 45. Re6 Nxd5 46. Ng5+ Kf8 47. Rxd6 Nb4+ 48. Ke4 Rc4+ 49. Kf5 Rc6 {[%emt 0:00:15] [#]} (49... Ke7 $11 50. Re6+ Kd7) 50. Rd8+ ({White should try} 50. Rd4 $1 $16 Nc2 51. Rd7 g6+ 52. Ke5) 50... Ke7 $11 51. Rg8 Rf6+ 52. Ke4 g6 53. Rb8 Nc6 54. Rb7+ Kd6 55. Rb6 (55. Nf7+ $14 Kc5 56. Ne5 Nxe5 57. fxe5) 55... Kc7 56. Rxa6 Rd6 57. Nf7 Rd4+ 58. Ke3 Rb4 59. Ne5 Rb3+ (59... Nxe5 $11 60. fxe5 h4) 60. Ke4 $16 Rb4+ (60... Nxe5 $16 {was necessary.} 61. fxe5 Rxb2) 61. Ke3 $2 (61. Kd5 $18 Nxe5 62. fxe5 Rb5+ 63. Ke6) 61... Rb3+ $11 62. Ke4 $2 (62. Kd2 $11 Nxe5 63. fxe5 Rxb2+ 64. Ke3) 62... Rb4+ $18 63. Kf3 $2 (63. Kd5 $18 Nxe5 64. fxe5 Rb5+ 65. Ke6) 63... Rb3+ $1 $11 64. Ke4 1/2-1/2

[Event "Sardinia World Festival-A 2024"]
[Site "Orosei"]
[Date "2024.04.27"]
[Round "1.31"]
[White "Royal, Shreyas"]
[Black "Sbarra, Marco"]
[Result "1-0"]
[ECO "C97"]
[WhiteElo "2455"]
[BlackElo "2171"]
[Annotator "TA"]
[PlyCount "111"]
[EventDate "2024.04.26"]
[EventType "swiss"]
[EventCountry "ITA"]
[SourceTitle "playchess.com"]
[Source "ChessBase"]
[SourceQuality "1"]
[TimeControl "40/5400+30:1800+30"]

1. e4 e5 2. Nf3 Nc6 3. Bb5 a6 4. Ba4 Nf6 5. O-O Be7 6. Re1 b5 7. Bb3 d6 8. c3 O-O 9. h3 Na5 10. Bc2 c5 11. d4 Qc7 12. d5 Nc4 13. b3 {[%emt 0:00:58] C97: Closed Ruy Lopez: Chigorin Defence: 11 d4 Qc7, sidelines.} Nb6 14. a4 Rb8 15. a5 Nbd7 16. c4 b4 17. Nbd2 Re8 $146 ({Predecessor:} 17... g6 18. Nf1 Nh5 19. Bh6 Ng7 20. g4 Kh8 21. Ng3 Nf6 22. Qd3 Ng8 23. Bc1 Bd7 {½-½ Felgaer,R (2539)-Van Haastert,E (2416) Gibraltar Masters 6th 2008 (10)}) 18. Nf1 Nf8 19. Ng3 Ng6 20. Nf5 Bf8 21. Nh2 Kh8 22. h4 Rb7 23. Kh1 Qd8 24. Bg5 h6 25. Bd2 Ng8 (25... Bxf5 $2 26. exf5 Nxh4 27. g3 $18) 26. g3 N6e7 27. Ne3 Nf6 28. Qf3 Neg8 29. g4 g6 30. Kg2 (30. Qg3 $14) 30... Bg7 ({Black should play} 30... h5 $15) 31. Rh1 h5 32. Rag1 (32. g5 $11 Nh7 33. Nd1) 32... hxg4 $15 33. Nhxg4 Nxg4 (33... Nh5 $15) 34. Nxg4 $11 Bxg4 (34... f5 $5 35. h5 (35. exf5 gxf5 36. Nh2 Bh6 $11) 35... g5 (35... fxg4 $2 36. hxg6+ $16) 36. exf5 Nh6 $14) 35. Qxg4 Nf6 (35... Bh6 $1 $11 {remains equal.} 36. Bxh6 Nxh6) 36. Qg5 $1 $16 Kg8 ({Better is} 36... Nh5) 37. Kf1 (37. h5 $1 $16 Nxh5 38. Rxh5 gxh5 39. Qxh5) 37... Qxa5 $11 38. h5 $1 Qa2 $1 39. Bd3 $1 (39. hxg6 $2 Qxc2 40. f3 Qd3+ (40... Qxb3 $2 41. Kf2 $19) 41. Kg2 Qxb3 $19) 39... Qxb3 $2 {[%emt 0:00:00][%mdl 8192] [#]} (39... Nh7 $1 $11 {and Black stays safe.} 40. Qe3 Nf8 (40... Qxb3 $2 41. hxg6 Nf6 42. Ke2 $18)) 40. Ke2 $1 $18 Nxe4 (40... Nxh5 41. Rxh5 Ra7 42. Rh3 $18) (40... Nh7 41. Qg3 g5 42. h6 $18 (42. Bxg5 f5 $18)) 41. Bxe4 Qxc4+ 42. Bd3 Qd4 43. Be3 (43. Bxa6 Rb6 44. h6 (44. hxg6 f6 $11) 44... Rxa6 $11) 43... Qb2+ 44. Kf1 (44. Kf3 $16 {Hoping for Be4.} f5 45. Kg2 (45. Qxg6 e4+ 46. Kg2 Rf7 $18)) 44... e4 $1 $11 45. Be2 Qe5 (45... Qa1+ $1 $11 46. Kg2 Qf6) 46. hxg6 $14 (46. Bxa6 Qa1+ 47. Kg2 Qxa6 $15) 46... f5 $2 (46... Qxg5 $14 47. gxf7+ (47. Rxg5 f5 $11) 47... Kxf7 48. Rxg5 (48. Bxg5 Rh8 $14) 48... Rh8 49. Bh5+ Kg8) 47. Bf4 (47. Bxa6 Qa1+ (47... Bf6 $2 48. Qh5 $18) 48. Kg2 Qxa6 $11) 47... Qxd5 (47... Qa1+ $142 48. Kg2 Qf6) 48. Kg2 $18 (48. Bxa6 e3 49. Be2 (49. Bxb7 $2 e2+ 50. Ke1 Qd1#) (49. Bxe3 Ra7 $11) 49... exf2 50. Kxf2 (50. Rg2 $2 b3 $19) 50... Qd4+ (50... Bd4+ $2 51. Kg3 $18) 51. Be3 Qb2 $11) 48... Qe6 49. Rc1 (49. Bxa6 Rb6 50. Be2 d5 $11) (49. Rh7 $142) 49... b3 50. Rhd1 (50. Bxa6 Rb6 51. Rh7 (51. Bc4 d5 $11) 51... Rxa6 $11) (50. Bc4 d5 51. Rcd1 dxc4 $11) 50... d5 51. Rxd5 Qxd5 $2 (51... Bf6 52. Qxf5 b2) 52. Bc4 $1 $18 (52. Bxa6 $2 {perishes.} e3+ 53. Kh2 Rb4 54. fxe3 b2 $19) 52... Qxc4 53. Rxc4 b2 {[%emt 0:00:00] [#]} 54. Rxe4 $2 (54. Qxf5 $3 $18 {[%mdl 512] is the precise move to win.} b1=Q 55. Qd5+ Kh8 56. Rc1 (56. Qxc5 $2 Qd1 $19) 56... Qxc1 57. Bxc1) 54... b1=Q $2 (54... Rxe4 $16 55. Qd8+ (55. Qxf5 $2 {is the wrong capture.} Rbe7 $19) 55... Bf8 56. Qd5+ Kg7 57. Qxb7+ Kxg6 58. Qb6+ (58. Qxa6+ Kh7 $14) 58... Kh5) 55. Rxe8+ Bf8 56. Qf6 1-0

[Event "Sardinia World Festival-A 2024"]
[Site "Orosei"]
[Date "2024.04.27"]
[Round "1.32"]
[White "Montorsi, Matteo"]
[Black "Fromm, Marius"]
[Result "0-1"]
[ECO "B26"]
[WhiteElo "2168"]
[BlackElo "2454"]
[Annotator "TA"]
[PlyCount "104"]
[EventDate "2024.04.26"]
[EventType "swiss"]
[EventCountry "ITA"]
[SourceTitle "playchess.com"]
[Source "ChessBase"]
[SourceQuality "1"]
[TimeControl "40/5400+30:1800+30"]

1. e4 c5 2. Nc3 Nc6 3. g3 g6 4. Bg2 Bg7 5. d3 Nf6 6. h3 O-O 7. Be3 d6 8. Nge2 Rb8 9. O-O b5 10. Qd2 b4 11. Nd1 a5 12. f4 Nd7 13. g4 Ba6 14. c4 {[%emt 0:08:31] The position is equal.} Nd4 15. Nf2 b3 16. Bxd4 cxd4 17. axb3 Rb4 18. Nc1 Nc5 {[%emt 0:01:04][%cal Oa6c8][%mdl 1024] Black has compensation.} 19. g5 Bc8 20. Bf3 (20. Ng4 $15) 20... Qb6 {[%emt 0:04:02] Black is more active.} (20... Nxb3 $6 21. Nxb3 Rxb3 22. Qxa5 $14) (20... f6 $17 21. Bg4 e6 (21... Nxb3 22. Nxb3 Rxb3 23. Rxa5 $11)) 21. Bg4 Bb7 (21... Nxb3 22. Nxb3 Rxb3 23. Qxa5 $11) 22. Bd1 {[%emt 0:00:54] [#]} a4 23. Ng4 $14 axb3 (23... Nxb3 24. Nxb3 axb3 25. f5 $18) (23... f5 $14 24. gxf6 exf6 (24... Nxb3 $2 25. Bxb3 axb3 26. fxg7 $18) (24... Bxf6 25. f5 $16)) 24. f5 $16 {[%emt 0:00:57] Strongly threatening f6.} Be5 25. Qf2 (25. Ra3 $16) 25... Qd8 (25... gxf5 $14 26. Qxf5 Qc7 (26... Bg7 27. Nh6+ Bxh6 28. gxh6 $11)) 26. Qh4 (26. Nxe5 $6 dxe5 27. h4 gxf5 $11) 26... Kh8 (26... e6 $14) 27. Qh6 {[%emt 0:04:08] Intending fxg6 and mate.} Bg7 28. Qh4 Be5 29. Qh6 ({White should try} 29. Nxe5 $16 {[%cal Of5g6] White threatens fxg6! and mate.} dxe5 30. Ra5) 29... Rg8 (29... Bg7 $5 30. Qh4 $8 Re8 $14) 30. fxg6 (30. f6 {is interesting.} Bc8 31. fxe7 Qxe7 32. Nf6) 30... Rxg6 (30... fxg6 $2 31. Nxe5 Rg7 32. Nf7+ Rxf7 33. Rxf7 $18) 31. Qh5 f6 32. h4 Qg8 (32... Ne6 $17 {Threatens to win with ...Bf4.} 33. Nh6 Qf8 (33... fxg5 $2 34. Nf7+ Kg7 35. Nxd8 $18) (33... Nxg5 $2 34. hxg5 Kg7 35. Kf2 $18)) 33. Nh6 $11 Qg7 34. Bg4 e6 {[%emt 0:00:57] Against Bf5} (34... fxg5 $2 35. hxg5 Bf6 36. Rf3 $18 (36. gxf6 exf6 37. Nf5 Rxg4+ 38. Kh2 Qg8 $11)) 35. Rf2 $2 (35. Ne2 $11 {and White is okay.}) 35... Rb6 $2 (35... fxg5 $2 36. Nf7+ Kg8 37. hxg5 $18) (35... Bc6 $1 $19 {White must now prevent ...Rb8.} 36. Bd1 Rb8 (36... fxg5 37. Nf7+ Kg8 38. hxg5 $11)) 36. Kf1 {[%emt 0:00:22] [#]} (36. Ra7 $11 {remains equal.}) 36... Ra6 $2 (36... fxg5 $2 37. Nf7+ Kg8 38. hxg5 $18) ({Better is} 36... Bc6 $1 $17 {And now ...Rb8 would win.} 37. Bd1 Rb8 (37... fxg5 38. Ra7 $14)) 37. Rxa6 $14 Bxa6 38. Bh3 (38. Bd1 $14) 38... Bc8 $15 (38... fxg5 $2 39. Nf7+ Kg8 40. hxg5 Nxe4 41. Nh6+ Kh8 42. Qf3 (42. dxe4 Bxc4+ 43. Ne2 d3 $11) 42... Nxf2 (42... Ng3+ $2 43. Ke1 $18) 43. Qa8+ $18) 39. Qf3 {[%emt 0:01:19] [#]} (39. Ng4 $15 fxg5 40. hxg5) 39... Rxh6 $1 $19 (39... fxg5 $2 40. hxg5 $18) 40. gxh6 Qxh6 41. Ne2 (41. Qd1 $17) 41... Qxh4 42. Rg2 (42. Nf4 $142) 42... Bb7 43. Rg4 Qh6 44. Qg2 Qf8 {[%emt 0:00:14] Dodges Rg8+} (44... Nxd3 45. Rg8#) 45. Qf3 (45. Qg1 {was worth a try.} Nxd3 (45... f5 $2 46. exf5 Nxd3 47. Rxd4 $19) 46. Nxd4 Nxb2 47. Rh4 Bxd4 (47... Nxc4 48. Qg6 $11) 48. Qxd4) 45... f5 46. Rg1 {[%emt 0:03:39] [#]} (46. Rh4 $142 Nxd3 47. Qh5 fxe4+ (47... Bxe4 48. Qxh7#) 48. Nf4) 46... Nxd3 $1 47. Ng3 (47. Bg2 Nxb2) 47... Nxb2 (47... Bxe4 $2 {is the wrong capture.} 48. Nxe4 Nf4 49. Nf2 $18) 48. Nxf5 exf5 49. Bxf5 Nxc4 50. Ke2 {[%emt 0:00:50] Against Nd2} Ne3 (50... Qh6 $142 51. Rg8+ Kxg8 52. Qxb3 Qh5+ 53. Kf1 Qh1+ 54. Ke2 Qg2+ (54... Bxe4 55. Qxc4+ Kg7 56. Bxe4 Qxe4+ 57. Kf2 h5 58. Qc7+ Kh6 59. Qc4 Qe3+ 60. Kf1 Qf3+ 61. Kg1 d3 62. Qe6+ Qf6 63. Qxf6+ Bxf6 64. Kf2 d2 65. Ke2 Bg5 66. Kd3 d1=Q+ 67. Kc4 Qc2+ 68. Kd5 Qc5+ 69. Ke6 Qc6 70. Kf7 Qd7+ 71. Kf8 Qg7+ 72. Ke8 Qe7#) 55. Kd3 Qf1+ 56. Kc2 d3+ 57. Qxd3 Qf2+ (57... Qxd3+ $2 58. Kxd3 Nb2+ 59. Ke2 $19) 58. Kd1 Nb2+ 59. Kc1 Nxd3+ 60. Kd1 Nb2+ 61. Kc1 Qe1+ 62. Kc2 Qd1#) 51. Qh5 Nxf5 52. exf5 Be4 {[%emt 0:00:42] Weighted Error Value: White=1.01/Black=0.47.  Loses game:     	White=1     	---        Missed win:     	---       	Black=1      Mistake:       	White=10    	Black=7      Inaccurate:     	White=7     	Black=1      OK:         	White=7     	Black=12     Best:        	White=3     	---        Strong:       	---       	Black=1} 0-1

[Event "Sardinia World Festival-A 2024"]
[Site "Orosei"]
[Date "2024.04.27"]
[Round "1.33"]
[White "Levin, Guy"]
[Black "Cina`, Vittorio"]
[Result "1/2-1/2"]
[ECO "D00"]
[WhiteElo "2451"]
[BlackElo "2165"]
[Annotator "ChessBase"]
[PlyCount "81"]
[EventDate "2024.04.26"]
[EventType "swiss"]
[EventCountry "ITA"]
[SourceTitle "playchess.com"]
[Source "ChessBase"]
[SourceQuality "1"]
[TimeControl "40/5400+30:1800+30"]

1. d4 Nf6 2. Bg5 d5 3. Bxf6 exf6 4. e3 Bd6 5. c4 dxc4 6. Bxc4 Qe7 7. Nc3 c6 8. Qc2 Nd7 9. Nge2 f5 10. h4 h5 11. O-O-O Nf6 12. Nf4 Bxf4 13. exf4 O-O 14. d5 Qb4 15. Qb3 Qxb3 16. Bxb3 Bd7 17. Rhe1 Rfe8 18. Re5 Kf8 19. f3 cxd5 20. Bxd5 Rab8 21. Bb3 Rbd8 22. a4 g6 23. Rd6 Rxe5 24. fxe5 Ne8 25. Rd4 Nc7 26. a5 Ke8 27. Rb4 Na6 28. Rd4 Nc5 29. Bc2 Rc8 30. Kd2 Ne6 31. Rb4 Bc6 32. Ke3 Rd8 33. Bb3 f4+ 34. Ke2 Rd4 35. Rc4 Ke7 36. a6 Rxc4 37. Bxc4 bxa6 38. Bxa6 Nd4+ 39. Kf2 Ke6 40. Bc4+ Kxe5 41. Bxf7 1/2-1/2

[Event "Sardinia World Festival-A 2024"]
[Site "Orosei"]
[Date "2024.04.27"]
[Round "1.34"]
[White "Nurgali, Nazerke"]
[Black "Olsen, Filip Boe"]
[Result "0-1"]
[ECO "E06"]
[WhiteElo "2148"]
[BlackElo "2440"]
[Annotator "RC"]
[PlyCount "146"]
[EventDate "2024.04.26"]
[EventType "swiss"]
[EventCountry "ITA"]
[SourceTitle "playchess.com"]
[Source "ChessBase"]
[SourceQuality "1"]
[TimeControl "40/5400+30:1800+30"]

1. d4 d5 2. Nf3 e6 3. g3 Nf6 4. Bg2 Be7 5. O-O O-O 6. c4 a5 7. Qc2 Nc6 8. a3 dxc4 9. Qxc4 a4 10. Nc3 Bd7 11. Qd3 Na5 12. Ne5 Be8 13. Rd1 Nb3 14. Rb1 Nd5 15. e4 Nxc3 16. Qxc3 f6 17. Nf3 Bg6 18. Re1 c5 19. dxc5 Bxc5 20. Be3 Qa5 21. Qxa5 Rxa5 22. Nh4 e5 23. Nxg6 hxg6 24. Bh3 Kf7 25. Rbd1 Bd4 26. Bd2 Rc5 27. Bc3 Rd8 28. Kf1 Rc7 29. Bg4 Rd6 30. Be2 Rb6 31. Rd3 Rbc6 32. Bxd4 Nxd4 33. Bd1 Rb6 34. Bxa4 Rxb2 35. Ree3 Ke7 36. Kg2 Rc4 37. Bd1 Rc1 38. Ba4 Ra1 39. Rd1 Raa2 40. Rf1 b5 41. Bd1 Rb1 42. Be2 Rbb2 43. Bd1 g5 44. Rc3 Kd6 45. h4 gxh4 46. gxh4 Ra1 47. Bg4 Rxf1 48. Kxf1 Rb1+ 49. Kg2 Rb3 50. Rc8 Rxa3 51. Rd8+ Kc6 52. Rc8+ Kd6 53. Rd8+ Kc5 54. Rc8+ Nc6 55. Bd7 Ra6 56. Kf3 b4 57. Ke3 b3 58. Kd2 Rb6 59. Kc1 Kd6 60. Be8 Nd4 61. Kb1 Rb7 62. Ba4 Rb4 63. Rd8+ Ke6 64. Ra8 b2 65. Ra6+ Ke7 66. Ra7+ Kd8 67. Rxg7 Ne2 68. Rd7+ Kc8 69. Rd3 Rxa4 70. h5 Nf4 71. Rc3+ Kd7 72. h6 Ra1+ 73. Kxb2 Rh1 0-1

[Event "Sardinia World Festival-A 2024"]
[Site "Orosei"]
[Date "2024.04.27"]
[Round "1.35"]
[White "Ben Ari, Yannay"]
[Black "Cocchi, Andrea"]
[Result "1-0"]
[ECO "A14"]
[WhiteElo "2436"]
[BlackElo "2146"]
[Annotator "TA"]
[PlyCount "63"]
[EventDate "2024.04.26"]
[EventType "swiss"]
[EventCountry "ITA"]
[SourceTitle "playchess.com"]
[Source "ChessBase"]
[SourceQuality "1"]
[TimeControl "40/5400+30:1800+30"]

1. c4 e6 2. g3 Nf6 3. Bg2 d5 4. Nf3 Be7 5. O-O O-O 6. d3 b6 7. cxd5 exd5 8. Nc3 Bb7 {[%emt 0:00:14] The position is equal.} 9. Nd4 Qd7 {[%emt 0:09:11] Prevents Nf5.} 10. e4 c5 11. Nf5 d4 12. Ne2 (12. Nb5 $5) 12... Nc6 13. Bg5 Ne8 {[%emt 0:09:57] [#]} 14. Bh3 $1 Qd8 (14... Bxg5 $2 15. Nh6+ Bxh6 16. Bxd7 $18) (14... Kh8 15. Bxe7) 15. Nxe7+ Nxe7 16. b4 f6 ({Black should try} 16... h6 $14 17. Bxe7 Qxe7) 17. Bc1 $16 f5 18. bxc5 fxe4 19. dxe4 Ba6 {[%emt 0:05:22] A mistake that costs the game.} (19... Nf6 $16 {might work better.} 20. e5 (20. Qxd4 Nxe4 21. cxb6 axb6 $14) 20... Nd7) 20. cxb6 d3 (20... axb6 {was necessary.} 21. Bb2 Nc6) 21. Nf4 $18 d2 22. Bxd2 Bxf1 23. b7 ({Much less strong is} 23. Kxf1 Qxb6 24. Be3 Qb4 $18) 23... Rb8 $2 {[%emt 0:06:13] [#]} (23... Bxh3 24. bxa8=B (24. bxa8=R Qxa8 25. Qb3+ Kh8 $18) 24... Qxa8) 24. Bxf1 {[%emt 0:02:14] This pair of bishops is nice. White is clearly winning.} Qd4 {[%emt 0:01:20] Inhibits Bc4+.} 25. Rb1 Ng6 26. Qb3+ Kh8 27. Nxg6+ hxg6 28. Be3 Qe5 29. Bxa7 Nd6 30. Bxb8 Rxb8 31. Qd5 Qe7 32. e5 {[%emt 0:00:13] Weighted Error Value: White=0.16 (very precise) /Black=0.53.  Mistake:       	---       	Black=4      Inaccurate:     	White=1     	Black=3      OK:         	White=10    	Black=4      Best:        	White=1     	Black=2} 1-0

[Event "Sardinia World Festival-A 2024"]
[Site "Orosei"]
[Date "2024.04.27"]
[Round "1.36"]
[White "George Samir, David"]
[Black "Trost, Edvin"]
[Result "0-1"]
[ECO "B15"]
[WhiteElo "2142"]
[BlackElo "2434"]
[Annotator "RC"]
[PlyCount "82"]
[EventDate "2024.04.26"]
[EventType "swiss"]
[EventCountry "ITA"]
[SourceTitle "playchess.com"]
[Source "ChessBase"]
[SourceQuality "1"]
[TimeControl "40/5400+30:1800+30"]

1. e4 c6 2. Nc3 d5 3. d4 dxe4 4. Nxe4 Nf6 5. Nxf6+ exf6 6. c3 Bd6 7. Bd3 O-O 8. Ne2 Re8 9. Qc2 h5 10. Be3 Nd7 11. O-O-O Nf8 12. c4 Be6 13. Kb1 Rc8 14. Nc3 Bb4 15. a3 Bxc3 16. Qxc3 b5 17. d5 cxd5 18. c5 Qd7 19. h3 Ng6 20. Bd4 Bf5 21. Bxf5 Qxf5+ 22. Qd3 Qxd3+ 23. Rxd3 Nf4 24. Rdd1 Re4 25. b4 a5 26. f3 Re2 27. g3 Ne6 28. Bb2 axb4 29. axb4 Re3 30. Rxd5 Rxf3 31. Rc1 Rxg3 32. c6 Rg5 33. Rd7 Rf5 34. c7 Kf8 35. Rc6 Ke8 36. Rdd6 Rf3 37. Bd4 Rb3+ 38. Kc2 Rxb4 39. Bb6 Rc4+ 40. Rxc4 bxc4 41. Rd5 g6 0-1